 Dungeon Crawl Stone Soup version 0.31-a0-128-g25add195a6 (webtiles) character file.

Game seed: 12142557913107594878

40452 Kyrie the Protected (level 13, -1/119 HPs)
             Began as a Minotaur Gladiator on May 29, 2023.
             Was the Champion of Cheibriados.
             Slain by a dire elephant (3 damage)
             ... on level 5 of the Lair of Beasts on June 2, 2023.
             The game lasted 01:22:52 (15695 turns).

Kyrie the Protected (Minotaur Gladiator)           Turns: 15695, Time: 01:22:53

Health: -1/119     AC: 19    Str: 41    XL:     13   Next: 74%
Magic:  0/17       EV: 19    Int: 20    God:    Cheibriados [******]
Gold:   1126       SH:  0    Dex: 33    Spells: 12/12 levels left

rFire   . . .        F - +4 flail (drain)
rCold   . . .        c - orb of the Cockatrice {light, Str+4}
rNeg    . . .        N - +0 chain mail
rPois   .            Q - +2 hat
rElec   .            a - scarf {harm}
rCorr   .            s - +2 pair of gloves
SInv    .            (no boots)
Will    .....        A - amulet of guardian spirit
Stlth   +            n - ring "Geomis Lowne" {Fly rC- Dex+4}
HPRegen 0.39/turn    q - ring of protection from cold
MPRegen 0.15/turn

%: harm (+30% outgoing, +20% incoming), guardian spirit
@: flying, glowing, very slow
A: horns 2, retaliatory headbutt
a: Renounce Religion, Bend Time, Temporal Distortion, Slouch, Step From Time


You were on level 5 of the Lair of Beasts.
You worshipped Cheibriados.
Cheibriados was exalted by your worship.
You visited 2 branches of the dungeon, and saw 16 of its levels.
You also visited: Sewer.

You collected 1126 gold pieces.

Inventory:

Hand Weapons
 F - a +4 flail of draining (weapon)
 S - a +3 battleaxe of flaming
 V - a +2 trident of freezing
Missiles
 d - 4 throwing nets
 w - 121 stones (quivered)
 z - 42 poisoned darts
 Y - 5 curare-tipped darts
Armour
 a - a scarf of harm (worn)
 c - the orb of the Cockatrice (worn) {light, Str+4}
   (You found it on level 2 of the Lair of Beasts)

   Str:       It affects your strength (+4).
 s - a +2 pair of gloves (worn)
 t - the orb of Dawn {light, Regen+ Int+4}
   (You found it on level 2 of the Dungeon)

   Int:       It affects your intelligence (+4).
   Regen:     It increases your rate of health regeneration.
 K - an orb of guile
 N - a +0 chain mail (worn)
 Q - a +2 hat (worn)
Jewellery
 h - a ring of willpower
 n - the ring "Geomis Lowne" (left hand) {Fly rC- Dex+4}
   (You found it on level 2 of the Dungeon)

   [ring of flight]

   Dex:       It affects your dexterity (+4).
   rC:        It makes you vulnerable to cold.
   Fly:       It grants you flight.
 q - a ring of protection from cold (right hand)
 A - an amulet of guardian spirit (around neck)
 C - a ring of flight
Wands
 l - a wand of flame (9)
Scrolls
 e - a scroll of magic mapping {unknown}
 i - 3 scrolls of enchant armour
 m - 6 scrolls of teleportation
 o - a scroll of enchant weapon
 r - 3 scrolls of butterflies
 u - 2 scrolls of identify
 v - 2 scrolls of immolation
 x - a scroll of brand weapon {unknown}
 y - 2 scrolls of amnesia
 B - 6 scrolls of blinking
 G - 2 scrolls of torment
 J - 3 scrolls of poison
 M - 2 scrolls of fog
 T - a scroll of fear {unknown}
 U - a scroll of vulnerability {unknown}
Potions
 b - 3 potions of heal wounds
 f - 5 potions of curing
 g - a potion of enlightenment
 j - 3 potions of cancellation
 k - 6 potions of resistance
 p - 2 potions of lignification
 D - 3 potions of mutation
 E - a potion of magic
 H - 2 potions of berserk rage
 R - 2 potions of attraction
 Z - a potion of might


   Skills:
 + Level 12.9 Fighting
 + Level 2.7(5.8) Short Blades
 + Level 8.9(9.1) Long Blades
 - Level 14.0 Maces & Flails
 - Level 3.5 Throwing
 + Level 14.7 Armour
 + Level 8.3 Dodging
 + Level 3.7 Stealth
 * Level 7.2 Invocations


You had 12 spell levels left.
You didn't know any spells.
Your spell library contained the following spells:

 Spells                   Type           Power      Damage    Failure   Level
 Ensorcelled Hibernation  Hex/Ice        0%         N/A       52%         2
 Passwall                 Tmut/Erth      0%         N/A       52%         2
 Frozen Ramparts          Ice            0%         1d1       77%         3
 Gell's Gravitas          Tloc           0%         N/A       77%         3
 Mephitic Cloud           Conj/Pois/Air  0%         N/A       77%         3
 Spider Form              Tmut/Pois      0%         N/A       77%         3
 Swiftness                Air            0%         N/A       77%         3
 Teleport Other           Tloc           0%         N/A       77%         3
 Animate Dead             Necr           0%         N/A       99%         4
 Ice Form                 Ice/Tmut       0%         N/A       99%         4
 Passage of Golubria      Tloc           0%         N/A       99%         4
 Summon Ice Beast         Ice/Summ       0%         N/A       99%         4
 Borgnjor's Vile Clutch   Necr/Erth      0%         N/A       100%        5
 Silence                  Hex/Air        0%         N/A       100%        5
 Summon Forest            Summ/Tloc      0%         N/A       100%        5
 Summon Mana Viper        Hex/Summ       0%         N/A       100%        5
 Death Channel            Necr           0%         N/A       100%        6
 Dispersal                Tloc           0%         N/A       100%        6
 Leda's Unmaking          Conj/Erth      0%         9d1       100%        6
 Summon Cactus Giant      Summ           0%         N/A       100%        6
 Lehudib's Crystal Spear  Conj/Erth      0%         10d2      100%        8


Dungeon Overview and Level Annotations

Branches:
Dungeon (11/15)            Temple (0/1) D:7            Lair (5/5) D:8
 Shoals (0/4) Lair:2       Spider (0/4) Lair:3        Slime (0/5) Lair:4
    Orc (0/2) D:10          Sewer (visited)

Altars:
Ashenzari
Cheibriados
Elyvilon
Fedhas
Gozag
Hepliaklqana
Kikubaaqudgha
Makhleb
Nemelex Xobeh
Okawaru
Ru
Vehumet
Xom
Zin
The Shining One
Lugonu

Portals:
Abyss: Lair:5

Annotations:
D:10 2 transporters
D:11 3 runed translucent doors, Nutipyim's ghost, journeyman HOFi
Lair:5 2 transporters, Tollund's ghost, journeyman FoHu


Innate Abilities, Weirdness & Mutations

You have a pair of horns on your head.
You reflexively headbutt those who attack you in melee.


Message History

The dire elephant is heavily wounded.
You hit the dire elephant but do no damage.
You drain the dire elephant. You headbutt the dire elephant!
The dire elephant is severely wounded.
The dire elephant barely misses you. The dire elephant closely misses you.
The death yak completely misses you. You furiously retaliate!
You headbutt the death yak!
You hit the dire elephant but do no damage.
The dire elephant is severely wounded.
You sock the dire elephant!
The dire elephant is severely wounded.
The dire elephant tramples you!
You hold your ground!
The dire elephant trunk-slaps you but does no damage.
The death yak gores you.
You hit the dire elephant. You headbutt the dire elephant.
The dire elephant is severely wounded.
The dire elephant completely misses you.
You furiously retaliate!
You headbutt the dire elephant!!
The dire elephant trunk-slaps you but does no damage.
The death yak closely misses you.
You hit the dire elephant but do no damage.
You drain the dire elephant. You headbutt the dire elephant.
You kill the dire elephant!
Cheibriados thoroughly appreciates the change of pace.
The dire elephant tramples you but does no damage.
The dire elephant completely misses you.
The death yak gores you!! The dire elephant tramples you!!
You hold your ground!
The dire elephant misses you.
You hit the dire elephant. You headbutt the dire elephant!
The dire elephant is moderately wounded.
The dire elephant tramples you!
You hold your ground!
The dire elephant closely misses you. The death yak gores you!
* * * LOW HITPOINT WARNING * * *
You hit the dire elephant but do no damage.
You drain the dire elephant.
The dire elephant is moderately wounded.
The dire elephant tramples you!!
* * * LOW HITPOINT WARNING * * *
You hold your ground!
The dire elephant trunk-slaps you.
You die... +...[: +...$( 8YYp8

##### ##8.8## # ####8P⌠P8#####.
###♣♣# ..........Y.YYZ ##P...♣##
P♣########'''########♣P.#...P♣##
...........).Y@Y#..............
#...#........##Y..............
#.....................P..^..##
#....................P...<.<##
##.......##...........P..#.#..#
#.......####....###...........#
##...####.W##..##u#.....##.....
##..##.?3#h.#..#..#.....###.#).
###...#.#.#..##..##.##....#
####.


You could see a dire elephant (drained), a death yak and an elephant.

Vanquished Creatures
  Gastronok (D:8)
  A dire elephant (Lair:5)
  Harold (D:11)
  Fannar (D:11)
  4 hydras
  2 two-headed ogres
  A death yak (Lair:4)
  Sonja (D:11)
  Nergalle (D:10)
  A skyshark (Lair:2)
  A bog body (Lair:4)
  Pikel (D:7)
  Joseph (D:8)
  3 black mambas
  17 elephants
  An ice statue (Lair:4)
  7 cane toads
  4 rime drakes
  A kobold demonologist (D:10)
  5 komodo dragons
  An anaconda simulacrum (Lair:4)
  3 trolls
  4 polar bears
  2 hornets
  Grinder (D:4)
  5 dream sheep (Lair:4)
  16 blink frogs
  5 wyverns
  18 yaks
  2 shadows
  6 basilisks
  A steam dragon (D:8)
  2 vampire mosquitoes (D:11)
  An acid dragon (D:8)
  11 water moccasins
  3 ice beasts
  2 sky beasts (D:7)
  6 black bears
  5 orc warriors
  2 centaurs
  25 wolves
  2 ogres
  A lemure (D:7)
  4 kobold brigands (Sewer)
  Blork the orc (D:6)
  10 bullfrogs
  A gnoll sergeant (D:9)
  3 scorpions
  A two-headed ogre simulacrum (Lair:4)
  3 wights (D:8)
  8 killer bees
  An elephant simulacrum (Lair:4)
  4 howler monkeys
  A crimson imp (D:3)
  2 hounds (D:5)
  5 jellies
  8 orc priests
  A sleepcap (D:5)
  4 iguanas
  5 orc wizards
  A spriggan simulacrum (Lair:4)
  5 gnolls (D:9)
  6 adders
  2 white imps
  An ufetubus (D:5)
  8 worms
  38 orcs
  2 bats (D:3)
  A bat zombie (D:3)
  10 endoplasms
  A giant cockroach (D:2)
  8 goblins
  6 hobgoblins
  2 jackals (D:4)
  6 quokkas
  9 ball pythons
  5 frilled lizards
  6 kobolds
  11 rats
  A rat zombie (D:3)
370 creatures vanquished.

Notes
Turn   | Place    | Note
-------+----------+-------------------------------------------
     0 | D:1      | Kyrie the Minotaur Gladiator began the quest for the Orb.
     0 | D:1      | Reached XP level 1. HP: 18/18 MP: 0/0
   101 | D:1      | Got the Spellbook of the Tectonic Tincture
   616 | D:2      | Reached XP level 2. HP: 3/25 MP: 1/1
   721 | D:1      | Reached XP level 3. HP: 19/30 MP: 2/2
   835 | D:2      | Identified the ring "Geomis Lowne" {Fly rC- Dex+4}
   906 | D:2      | Upgraded the game from 0.31-a0-115-g4708a659fe to
                  | 0.31-a0-128-g25add195a6
  1125 | D:2      | Identified the orb of Dawn {light, Regen+ Int+4}
  1252 | D:3      | Found a snail-covered altar of Cheibriados.
  1317 | D:3      | Became a worshipper of Cheibriados the Contemplative
  1636 | D:3      | Found a glowing golden altar of the Shining One.
  1658 | D:3      | Found an ancient bone altar of Kikubaaqudgha.
  1767 | D:3      | Reached skill level 1 in Armour
  1781 | D:3      | Found a shimmering altar of Xom.
  1781 | D:3      | Found a burning altar of Makhleb.
  1793 | D:3      | Reached XP level 4. HP: 37/37 MP: 3/3
  2191 | D:4      | Noticed Grinder
  2191 | D:4      | Noticed a black bear
  2228 | D:3      | Killed a black bear
  2229 | D:3      | Reached skill level 5 in Long Blades
  2229 | D:3      | Reached XP level 5. HP: 31/45 MP: 4/4
  2266 | D:4      | Paralysed by Grinder for 4 turns
  2282 | D:4      | Paralysed by Grinder for 4 turns
  2286 | D:4      | Killed Grinder
  2287 | D:4      | Reached skill level 1 in Stealth
  2287 | D:4      | Reached XP level 6. HP: 30/51 MP: 5/5
  2319 | D:4      | Found a glowing drain.
  2341 | Sewer    | Entered a sewer
  2373 | Sewer    | Reached * piety under Cheibriados
  2570 | Sewer    | Reached XP level 7. HP: 47/59 MP: 3/6
  2729 | Sewer    | Reached ** piety under Cheibriados
  2986 | D:4      | Found a sacrificial altar of Ru.
  3593 | D:5      | Entered Level 5 of the Dungeon
  3597 | D:5      | Reached skill level 5 in Dodging
  3749 | D:5      | Reached skill level 5 in Fighting
  3822 | D:5      | Reached skill level 1 in Short Blades
  3822 | D:5      | Reached XP level 8. HP: 68/68 MP: 7/7
  3828 | D:5      | Reached *** piety under Cheibriados
  3976 | D:5      | Reached skill level 1 in Maces & Flails
  4319 | D:5      | Found an iron altar of Okawaru.
  4320 | D:5      | Found a white marble altar of Elyvilon.
  4321 | D:5      | Found an opulent altar of Gozag.
  4322 | D:5      | Found a sparkling altar of Nemelex Xobeh.
  4399 | D:6      | Found a glowing silver altar of Zin.
  4399 | D:6      | Noticed an angel
  4550 | D:6      | Found a hazy altar of Hepliaklqana.
  4733 | D:6      | Found a blossoming altar of Fedhas.
  4754 | D:6      | Noticed Blork the orc
  4761 | D:6      | Killed Blork the orc
  4820 | D:6      | Found a radiant altar of Vehumet.
  5463 | D:7      | Reached skill level 5 in Armour
  5465 | D:7      | Reached XP level 9. HP: 68/78 MP: 5/8
  5544 | D:7      | Noticed Pikel
  5563 | D:7      | Killed Pikel
  5564 | D:7      | Reached skill level 5 in Maces & Flails
  5794 | D:7      | Found a staircase to the Ecumenical Temple.
  5944 | D:7      | Found a broken altar of Ashenzari.
  6003 | D:7      | Noticed a troll
  6009 | D:7      | Killed a troll
  6420 | D:8      | Noticed Joseph
  6483 | D:8      | Killed Joseph
  6577 | D:8      | Reached **** piety under Cheibriados
  6646 | D:8      | Reached XP level 10. HP: 86/86 MP: 9/9
  6745 | D:8      | Found a staircase to the Lair.
  7356 | D:8      | Noticed Gastronok
  7375 | D:8      | Killed Gastronok
  7664 | D:9      | Reached ***** piety under Cheibriados
  7665 | D:9      | Reached skill level 10 in Maces & Flails
  8129 | D:9      | Noticed a two-headed ogre
  8136 | D:9      | Killed a two-headed ogre
  8153 | D:9      | Reached XP level 11. HP: 89/95 MP: 10/10
  8364 | D:10     | Entered Level 10 of the Dungeon
  8509 | D:10     | Noticed Nergalle
  8516 | D:10     | Killed Nergalle
  8530 | D:10     | Noticed a purple ugly thing
  8533 | D:10     | Found a transporter.
  8533 | D:10     | Found a corrupted altar of Lugonu.
  8533 | D:10     | Noticed a white ugly thing
  8533 | D:10     | Noticed a purple ugly thing
  8534 | D:10     | Noticed a cyan ugly thing
  8563 | D:10     | Found a staircase to the Orcish Mines.
  8710 | D:10     | Found a flagged portal.
  8938 | D:10     | Noticed an anaconda
  9027 | D:10     | Found a transporter.
  9180 | D:11     | Noticed Fannar
  9189 | D:11     | Killed Fannar
  9190 | D:11     | Reached skill level 10 in Armour
  9264 | D:11     | Noticed Sonja
  9264 | D:11     | Noticed a two-headed ogre
  9265 | D:11     | Noticed Harold
  9271 | D:11     | Killed a two-headed ogre
  9301 | D:11     | Killed Sonja
  9306 | D:11     | Killed Harold
  9609 | D:11     | Found a runed translucent gate.
  9609 | D:11     | Found a runed translucent gate.
  9609 | D:11     | Noticed Nutipyim's ghost (journeyman HOFi)
  9609 | D:11     | Noticed a nine-headed hydra
  9610 | D:11     | Found a runed translucent gate.
  9888 | Lair:1   | Entered Level 1 of the Lair of Beasts
 10111 | Lair:1   | Reached ****** piety under Cheibriados
 10433 | Lair:1   | Reached skill level 1 in Invocations
 10712 | Lair:2   | Reached XP level 12. HP: 104/106 MP: 12/12
 10723 | Lair:2   | Reached skill level 10 in Fighting
 10761 | Lair:2   | Identified the orb of the Cockatrice {light, Str+4}
 10941 | Lair:2   | Found a staircase to the Shoals.
 11248 | Lair:2   | Noticed an eight-headed hydra
 11254 | Lair:2   | Killed an eight-headed hydra
 11403 | Lair:2   | Found a broken altar of Ashenzari.
 11888 | Lair:3   | Found a hole to the Spider Nest.
 13231 | Lair:4   | Reached skill level 5 in Invocations
 13782 | Lair:4   | Noticed a death yak
 13795 | Lair:4   | Killed a death yak
 13796 | Lair:4   | Reached XP level 13. HP: 105/116 MP: 14/16
 13948 | Lair:4   | Found a staircase to the Slime Pits.
 14548 | Lair:5   | Entered Level 5 of the Lair of Beasts
 14795 | Lair:5   | Found a transporter.
 14883 | Lair:5   | Found a transporter.
 15332 | Lair:5   | Noticed Tollund's ghost (journeyman FoHu)
 15341 | Lair:5   | Found a one-way gate to the infinite horrors of the Abyss.
 15677 | Lair:5   | Noticed a dire elephant
 15677 | Lair:5   | Noticed a dire elephant
 15677 | Lair:5   | Noticed a dire elephant
 15679 | Lair:5   | Noticed a dire elephant
 15679 | Lair:5   | Noticed a dire elephant
 15679 | Lair:5   | Noticed a dire elephant
 15692 | Lair:5   | Killed a dire elephant
 15695 | Lair:5   | HP: 2/119 [dire elephant (24)]
 15695 | Lair:5   | Slain by a dire elephant

Illustrated notes

Levels and vault maps discovered:
D:1:      ncdulo_wetmaze, layout_loops_ring
D:2:      layout_rooms
D:3:      layout_basic, grunt_temple_overflow_champion_of_chaos,
          mainiacjoe_overflow_concentric_impassable,
          lemuel_zombie_altar_kikubaaqudgha, lemuel_coloured_pillars_altar,
          minmay_strange_pillars
D:4:      layout_cave_pods, mainiacjoe_overflow_boulevard,
          cheibrodos_sewer_entry_sluice, uniq_grinder
D:5:      layout_cave_pods, mainiacjoe_overflow_alcove_3, uniq_duvessa
D:6:      layout_loops_corners, vehumet_altar_wand_db, zin_angel,
          nzn_hepliaklqana_mist_gate, lemuel_tele_altar, uniq_blork_the_orc
D:7:      layout_loops_corners, ashenzari_altar_1,
          minmay_temple_entry_overgrown, grunt_ministairs_10, uniq_pikel
D:8:      layout_basic, hellmonk_lair_entry_icy, uniq_gastronok, uniq_joseph
D:9:      layout_cave_pods, kennysheep_generic_room_3
D:10:     gammafunk_corrupted_shrine, layout_basic, david_orc_3, enter_bailey_6,
          uniq_nergalle
D:11:     layout_basic, gammafunk_ghost_hydra_chop, uniq_fannar, uniq_harold,
          uniq_sonja
Lair:1:   layout_gridlike, infiniplex_staircase_pool
Lair:2:   layout_layer_cave, elwin_shoals_entry_rocks, basic_altar
Lair:3:   layout_layer_cave, dummy_spider_entry, grunt_megastairs_5
Lair:4:   dreamdust_isle_of_ice, layout_loops_ring,
          nicolae_slime_entry_slimehenge
Lair:5:   due_jungle_book, layout_concentric_octagons,
          gammafunk_ghost_abyssal_escape, lemuel_fruit_tree,
          serial_bayou_shore_a

Skill      XL: |  1  2  3  4  5  6  7  8  9 10 11 12 13 |
---------------+----------------------------------------+-----
Long Blades    | 4 5 6 8 |  8.9
Dodging        | 4 5 6 7 8 |  8.3
Armour         | 1 2 3 4 5 7 9 11 12 14 | 14.7
Fighting       | 3 4 5 6 7 8 9 11 12 | 12.9
Stealth        | 1 2 3 |  3.7
Short Blades   | 1 2 |  2.7
Maces & Flails | 3 7 10 12 14 | 14.0
Throwing       | 3 |  3.5
Invocations    | 1 5 7 |  7.2

Action                     |  1- 3 |  4- 6 |  7- 9 | 10-12 | 13-15 || total
---------------------------+-------+-------+-------+-------+-------++-------
  Melee: Long sword        |    69 |    56 |    17 |       |       ||   142
         Headbutt          |    12 |    12 |    45 |    96 |    48 ||   213
         Dagger            |       |       |    58 |       |       ||    58
         Flail             |       |       |   109 |   365 |   157 ||   631
  Throw: Throwing net      |     1 |     1 |       |       |       ||     2
         Dart              |       |       |     4 |     5 |       ||     9
         Stone             |       |       |       |    20 |    10 ||    30
    Use: Scroll            |       |       |    11 |    16 |       ||    27
         Potion            |       |       |       |     6 |       ||     6
   Stab: Sleeping          |     4 |       |       |       |       ||     4
 Armour: Leather armour    |    12 |    25 |    31 |       |       ||    68
         Chain mail        |       |       |    29 |   166 |    75 ||   270
  Dodge: Dodged            |    46 |    35 |   134 |   326 |   154 ||   695

Table legend: (Time is in decaauts)
 A = Elapsed time spent in this place.
 B = Non-inter-level travel time spent in this place.
 C = Inter-level travel time spent in this place.
 D = Time resting spent in this place.
 E = Time spent auto-exploring this place.
 F = Levels seen in this place.
 G = Mean time per level.
                   A        B        C        D        E       F      G
               +--------+--------+--------+--------+--------+-----+--------+
         Total |  24020 |  22956 |   1064 |     30 |  20355 |  17 | 1412.9 |
       Dungeon |  13671 |  12951 |    720 |      0 |  11467 |  11 | 1242.8 |
          Lair |   9599 |   9255 |    344 |     30 |   8330 |   5 | 1919.8 |
         Sewer |    749 |    749 |      0 |      0 |    557 |   1 |  749.0 |
               +--------+--------+--------+--------+--------+-----+--------+

Top non-repeatable levels by time:
  Lair:3: 2396 daAuts
  Lair:4: 2319 daAuts
     D:8: 1987 daAuts
  Lair:2: 1904 daAuts
     D:7: 1518 daAuts
  Lair:5: 1516 daAuts
     D:6: 1496 daAuts
  Lair:1: 1462 daAuts
     D:9: 1398 daAuts
     D:3: 1337 daAuts
    D:10: 1313 daAuts
     D:5: 1186 daAuts
    D:11: 1138 daAuts
     D:4: 1097 daAuts
   Sewer: 749 daAuts
